 Dungeon Crawl Stone Soup version 0.27.0-1-g7a089689b8 (webtiles) character file.

Game seed: 9139695263354385705

2780 horus123 the Unseen (level 9, 0/65 HPs)
             Began as a Vampire Brigand on Aug 15, 2021.
             Was a Believer of Jiyva.
             Succumbed to a gnoll sergeant's poison
             ... on level 7 of the Dungeon.
             The game lasted 00:21:38 (6752 turns).

horus123 the Unseen (Vampire Brigand)               Turns: 6752, Time: 00:21:39

Health: 0/65       AC:  5    Str: 10    XL:     9   Next: 43%
Magic:  9/9        EV: 15    Int: 15    God:    Jiyva [**....]
Gold:   231        SH:  0    Dex: 19    Spells: 8/8 levels left

rFire    . . .     SeeInvis +   u - +10 dagger of the Bespelling King {vamp, +Blink Int+2}
rCold    . . .     Faith    .   (no shield)
rNeg     . . .     Spirit   .   b - +0 robe
rPois    .         Reflect  .   (no helmet)
rElec    .         Harm     .   c - +1 cloak
rCorr    .         Rampage  .   n - +0 pair of gloves
Will     +....                  (no boots)
Stlth    ++++++....             h - amulet of magic regeneration
HPRegen  0.40/turn              g - +4 ring of slaying
MPRegen  0.36/turn              t - ring of willpower

@: lethally poisoned (0 -> -10), healing quickly
A: alive, fangs 3, see invisible, vampiric 2
a: Exsanguinate, Renounce Religion, Evoke Blink, Request Jelly


You were on level 7 of the Dungeon.
You worshipped Jiyva.
Jiyva was pleased with you.
You visited 2 branches of the dungeon, and saw 8 of its levels.
You also visited: Sewer.

You collected 413 gold pieces.
You spent 182 gold pieces at shops.

Inventory:

Hand Weapons
 u - the +10 dagger of the Bespelling King (weapon) {vamp, +Blink Int+2}
   (You bought it in a shop on level 4 of the Dungeon)

   It occasionally heals its wielder for a portion of the damage dealt when it
   wounds a living foe.
   Int:       It affects your intelligence (+2).
   +Blink:    It lets you blink.
Missiles
 d - 6 atropa-tipped darts (quivered)
Armour
 b - a +0 robe (worn)
 c - a +1 cloak (worn)
 n - a +0 pair of gloves (worn)
Jewellery
 g - a +4 ring of slaying (left hand)
 h - an amulet of magic regeneration (around neck)
 t - a ring of willpower (right hand)
Wands
 q - a wand of paralysis (8)
Scrolls
 e - a scroll of teleportation
 s - a scroll of identify
Potions
 a - a potion of haste {unknown}
 j - a potion of degeneration {unknown}
 m - a potion of invisibility {unknown}
 p - a potion of resistance {unknown}
 x - a potion of cancellation {unknown}
 z - 2 potions of mutation {unknown}


   Skills:
 + Level 3.9 Fighting
 + Level 6.5 Short Blades
 + Level 1.7 Throwing
 * Level 5.3 Dodging
 * Level 15.3 Stealth
 + Level 0.1 Evocations


You had 8 spell levels left.
You didn't know any spells.
Your spell library was empty.

Dungeon Overview and Level Annotations

Branches:
Dungeon (7/15)             Temple (1/1) D:5           Sewer (visited)

Altars:
Gozag
Hepliaklqana
Makhleb
Nemelex Xobeh
Trog
Uskayaw
Xom
Yredelemnul
Zin
Jiyva

Shops:
D:4 [([*[


Innate Abilities, Weirdness & Mutations

Your natural rate of healing is accelerated.
You have razor-sharp teeth.
You have supernaturally acute eyesight. (SInv)
You are afflicted with vampirism and can become a bat while bloodless.


Message History

You are lethally poisoned!
You feel better.
The gnoll sergeant hits you with a +2 spear of venom.
You are poisoned.
Okay, then.
You hit the gnoll sergeant but do no damage.
The gnoll sergeant is severely wounded.
You feel sick.
You barely miss the gnoll sergeant. Your bite misses the gnoll sergeant.
The gnoll sergeant is severely wounded.
You feel sick. The gnoll sergeant closely misses you.
You hit the gnoll sergeant.
The gnoll sergeant is severely wounded.
You feel sick. The gnoll sergeant closely misses you.
The gnoll sergeant blocks your attack.
You bite the gnoll sergeant, but do no damage.
The gnoll sergeant is severely wounded.
You feel sick.
The gnoll sergeant hits you with a +2 spear of venom!
* * * LOW HITPOINT WARNING * * *
You are lethally poisoned!
Number of times to repeat, then command key: You must enter the number of times for the command to repeat.
You closely miss the gnoll sergeant.
The gnoll sergeant is severely wounded.
* * * LOW HITPOINT WARNING * * *
You feel very sick. The wraith barely misses you.
You hit the gnoll sergeant but do no damage.
The gnoll sergeant is severely wounded.
* * * LOW HITPOINT WARNING * * *
You feel sick. The gnoll sergeant closely misses you.
The wraith barely misses you.
You puncture the gnoll sergeant!
You kill the gnoll sergeant!
* * * LOW HITPOINT WARNING * * *
You feel very sick.
You hit the wraith.
The wraith is lightly damaged.
You die...

#.......# ... #.#.#
#.......# .#. ..#.
........# .. ...
#.......# # #.#..## .
#.......+ ..#.#.....# ..
#.....<.####.#...)...#...
#....#.....#.####........
####.....#.#.#.##)...##.#
#.#.....#.#..@W......#
#....#....#.##...#####
####.##...#.##.!.#
#.##.....#....#
#.....##.###.##
#####....# .# ###### ..
##


You could see a wraith.

Vanquished Creatures
  Grinder (D:3)
  2 water moccasins (D:6)
  Purgy (D:3)
  3 sky beasts
  3 ogres
  5 bullfrogs
  A gnoll sergeant (D:7)
  2 scorpions (D:5)
  A water moccasin zombie (D:6)
  A water moccasin skeleton (D:5)
  A centaur zombie (D:7)
  2 jellies (D:4)
  5 hounds
  A bullfrog zombie (D:7)
  Crazy Yiuf (D:2)
  A centaur skeleton (D:7)
  5 orc priests
  2 iguanas
  Ijyb (D:3)
  4 orc wizards
  2 hound zombies (D:5)
  10 gnolls
  13 adders
  A shadow imp (D:5)
  3 white imps
  4 dart slugs
  32 orcs
  12 endoplasms
  17 giant cockroaches
  12 goblins
  13 hobgoblins
  9 jackals
  15 quokkas
  25 ball pythons
  7 bats
  13 frilled lizards
  12 kobolds
  7 rats
250 creatures vanquished.

Vanquished Creatures (others)
  An ogre (D:6)
  A water moccasin zombie (D:6)
  A jelly (D:5)
  An orc priest (D:6)
  An orc wizard (D:6)
  An ufetubus (D:5)
  3 orcs (D:6)
9 creatures vanquished.

Grand Total: 259 creatures vanquished

Notes
Turn   | Place    | Note
-------+----------+-------------------------------------------
     0 | D:1      | horus123 the Vampire Brigand began the quest for the Orb.
     0 | D:1      | Reached XP level 1. HP: 16/16 MP: 1/1
    73 | D:1      | Reached skill level 6 in Stealth
   138 | D:1      | Reached XP level 2. HP: 22/22 MP: 2/2
   267 | D:1      | Reached skill level 7 in Stealth
   327 | D:1      | Gained mutation: You are afflicted with vampirism and can
                  | become a bat while bloodless. [Vampire growth]
   327 | D:1      | Reached XP level 3. HP: 27/27 MP: 3/3
  1565 | D:2      | Found a runed translucent door.
  1566 | D:2      | Noticed Crazy Yiuf
  1573 | D:2      | Killed Crazy Yiuf
  1574 | D:2      | Reached skill level 8 in Stealth
  1574 | D:2      | Reached XP level 4. HP: 26/28 MP: 4/4
  1794 | D:3      | HP: 1/29 [orc priest/divine providence (10)]
  1901 | D:2      | Reached XP level 5. HP: 31/34 MP: 5/5
  1915 | D:3      | Reached skill level 9 in Stealth
  2126 | D:3      | Noticed Purgy
  2149 | D:3      | Killed Purgy
  2150 | D:3      | Reached skill level 10 in Stealth
  2150 | D:3      | Reached XP level 6. HP: 32/44 MP: 6/6
  2452 | D:3      | Noticed Grinder
  2460 | D:3      | Killed Grinder
  2461 | D:3      | Reached skill level 11 in Stealth
  2461 | D:3      | Reached XP level 7. HP: 50/50 MP: 7/7
  2709 | D:3      | Noticed Ijyb
  2713 | D:3      | Killed Ijyb
  3134 | D:4      | Reached skill level 12 in Stealth
  3192 | D:4      | Found Qutasux's Antique Armour Shoppe.
  3226 | D:4      | Found Cumoib's Antique Armour Boutique.
  3333 | D:4      | Found Widakyho's Antique Weapon Emporium.
  3443 | D:4      | Found Tamo's Antique Armour Boutique.
  3522 | D:4      | Bought a translucent dagger for 182 gold pieces
  3522 | D:4      | Identified the +10 dagger of the Bespelling King {vamp,
                  | +Blink Int+2} (You bought it in a shop on level 4 of the
                  | Dungeon)
  3690 | D:4      | Found a burning altar of Makhleb.
  3699 | D:4      | Found Koukuibb's General Store.
  3750 | D:5      | Entered Level 5 of the Dungeon
  3754 | D:5      | Found a glowing drain.
  3876 | Sewer    | Entered a sewer
  3934 | Sewer    | Reached XP level 8. HP: 57/57 MP: 8/8
  4116 | Sewer    | Reached skill level 13 in Stealth
  4398 | D:5      | Reached skill level 5 in Short Blades
  4466 | D:5      | Found a staircase to the Ecumenical Temple.
  4487 | Temple   | Entered the Ecumenical Temple
  4509 | Temple   | Became a worshipper of Jiyva Juzuv the Shapeless
  4538 | Temple   | Reached * piety under Jiyva
  4784 | D:5      | Reached skill level 14 in Stealth
  5495 | D:6      | Reached XP level 9. HP: 18/64 MP: 9/9
  5740 | D:6      | Reached skill level 15 in Stealth
  5831 | D:6      | Reached ** piety under Jiyva
  6343 | D:6      | Found an opulent altar of Gozag.
  6633 | D:7      | Reached skill level 5 in Dodging
  6751 | D:7      | HP: 1/65 [poisoned by a gnoll sergeant]
  6752 | D:7      | Succumbed to a gnoll sergeant's poison

Illustrated notes

Levels and vault maps discovered:
D:1:      dpeg_arrival_leaves_temple_mockup, layout_basic, minmay_vboxes
D:2:      layout_basic, uniq_crazy_yiuf_cottage
D:3:      layout_basic, kennysheep_generic_room_2, uniq_ijyb, uniq_grinder,
          uniq_purgy
D:4:      layout_loops_ring, lightli_temple_of_fire, serial_shops,
          nicolae_shop_trees, shop, nicolae_shop_overgrown_old_shop,
          nicolae_take_the_stairs, nicolae_shop_behind_doors,
          serial_bayou_ford_a, grunt_ministairs_6, minmay_ogre_servants
D:5:      layout_basic, minmay_temple_entry_stoned_glass,
          cheibrodos_sewer_entry_sluice, minmay_misc_feat_x
D:6:      layout_basic, kennysheep_mini_moat, minmay_bent
D:7:      layout_basic, kennysheep_little_box, nicolae_vehumet_altar_sigil,
          marbit_many_paths, mainiacjoe_overflow_cross_hatched,
          kennysheep_generic_room_10, uniq_menkaure
Temple:   pf_slimified_temple

Skill      XL: |  1  2  3  4  5  6  7  8  9 |
---------------+----------------------------+-----
Stealth        | 6 7 8 10 11 12 14 15 | 15.3
Short Blades   | 3 4 5 6 |  6.5
Fighting       | 2 3 |  3.9
Dodging        | 2 3 4 5 |  5.3
Throwing       | |  1.7
Evocations     | |  0.1

Action                   |  1- 3 |  4- 6 |  7- 9 || total
-------------------------+-------+-------+-------++-------
Melee: Dagger            |    95 |    67 |   378 ||   540
       Bite              |     6 |     7 |    37 ||    50
Throw: Dart              |       |     2 |       ||     2
 Abil: Exsanguinate      |     1 |       |       ||     1
       Revivify          |     1 |       |       ||     1
       Evoke Blink       |       |       |     1 ||     1
  Use: Scroll            |     2 |     4 |     5 ||    11
       Potion            |       |     2 |     6 ||     8
 Stab: Distracted        |     5 |     1 |       ||     6
       Sleeping          |    15 |     5 |    37 ||    57
Armor: Robe              |    12 |     8 |    61 ||    81
Dodge: Dodged            |    45 |    44 |   206 ||   295
